AoeStats
← jude__88

Four Lakes

510060044Analyzed
1v1 RM · 4d ago on Sep 29, 2026· 46m 42s· 2 players
Game mode
Random Map
Map size
Tiny (2 player)
Population
200
Speed
Normal
Resources
Standard
Victory
Conquest
Starting age
Dark Age
Ending age
Imperial Age
RankedLock teamsTeams togetherTeam positionsShared explorationLock speedFull tech treeHidden civsTurbo modeCheats
Victory
Defeat
🇫🇴 Teutons · Faroe Islands
734
+14
🇫🇷 Bulgarians · France
693
-33
jude__88
11:21 Feudal Age
12:47 Wheelbarrow
13:30 Double-Bit Axe
14:05 Horse Collar
18:39 Stone Mining
18:40 Gold Mining
19:22 Town Watch
23:52 Fishing Lines
26:18 Castle Age
26:26 Bloodlines
30:05 Hand Cart
31:46 Gold Shaft Mining
31:47 Stone Shaft Mining
31:16 Husbandry
30:37 Light Cavalry
31:44 Fervor
31:46 Loom
32:10 Murder Holes
37:23 Guard Tower
37:47 Careening
37:48 Clinker Construction
38:47 Bow Saw
41:18 Pikeman
41:59 Squires
42:16 Forging
42:11 Scale Barding Armor
42:07 Scale Mail Armor
42:08 Padded Archer Armor
41:58 Fletching
43:10 Herbal Medicine
43:44 Arson
43:45 Gambesons
43:56 Elite Skirmisher
47:52 Imperial Age
45:20 Heated Shot
45:48 Masonry
*DEAD*
2:18 Loom
11:50 Feudal Age
12:23 Double-Bit Axe
13:25 Wheelbarrow
12:32 Horse Collar
15:36 Town Watch
18:22 Fishing Lines
18:47 Arson
24:16 Castle Age
22:48 Bloodlines
22:52 Forging
22:46 Scale Mail Armor
22:55 Scale Barding Armor
23:31 Gold Mining
25:36 Iron Casting
25:29 Bow Saw
25:48 Chain Barding Armor
25:30 Scale Mail Armor
26:58 Hand Cart
26:12 Pikeman
26:52 Squires
28:30 Stone Mining
29:00 Man-at-Arms
29:25 Gambesons
29:59 Chain Mail Armor
30:24 Heavy Plow
31:11 Stone Shaft Mining
32:25 Fervor
33:24 Town Patrol
33:03 Long Swordsman
37:55 Imperial Age
37:19 Ironclad
39:52 Two-Man Saw
39:25 Crop Rotation
39:58 Block Printing
39:57 Redemption
40:16 Illumination
40:28 Theocracy
40:16 Sanctity
40:26 Conscription
40:30 Crenellations
40:17 Two-Handed Swordsman
40:28 Elite Teutonic Knight
42:42 Blast Furnace
42:05 Capped Ram
43:38 Champion
43:41 Halberdier
Connection lost

Rejoining the realm…

Still unreachable

The connection could not be restored.

Session expired

The server has moved on; the page needs a fresh start.